 Dungeon Crawl Stone Soup version 0.29-a0-824-gd827844252 (webtiles) character file.

Game seed: 1124837808510421439

462 pokeman the Magician (level 6, -4/34 HPs)
             Began as a Deep Elf Hedge Wizard on July 10, 2022.
             Was an Initiate of Vehumet.
             Slain by Edmund
             ... wielding a +0 flail of protection
              (10 damage)
             ... on level 5 of the Dungeon.
             The game lasted 00:07:15 (5320 turns).

pokeman the Magician (Deep Elf Hedge Wizard)        Turns: 5320, Time: 00:07:16

Health: -4/34      AC:  4    Str:  7    XL:     6   Next: 79%
Magic:  6/18       EV: 13    Int: 21    God:    Vehumet [......]
Gold:   265        SH:  0    Dex: 14    Spells: 8/19 levels left

rFire   . . .      SeeInvis .   h - +1 mace (holy)
rCold   . . .      Faith    .   (no shield)
rNeg    . . .      Spirit   .   b - +0 robe
rPois   .          Reflect  .   k - +0 helmet
rElec   .          Harm     .   (no cloak)
rCorr   .          Rampage  .   (no gloves)
Will    .....                   w - +0 pair of boots
Stlth   +++.......              (no amulet)
HPRegen 0.11/turn               (no ring)
MPRegen 0.16/turn               (no ring)

@: no status effects
A: no striking features
a: Renounce Religion


You were on level 5 of the Dungeon.
You worshipped Vehumet.
Vehumet was noncommittal.
You visited 2 branches of the dungeon, and saw 6 of its levels.

You collected 265 gold pieces.

Inventory:

Hand Weapons
 h - a +1 mace of holy wrath (weapon)
Armour
 b - a +0 robe (worn)
 k - a +0 helmet (worn)
 w - a +0 pair of boots (worn)
Magical Staves
 x - a staff of air
Wands
 p - a wand of flame (22)
 r - a wand of quicksilver (6)
Scrolls
 c - a scroll of blinking {unknown}
 e - 2 scrolls of poison {unknown}
 f - 2 scrolls of enchant armour {unknown}
 g - a scroll of fog {unknown}
 i - a scroll of brand weapon {unknown}
 j - 3 scrolls of teleportation {unknown}
 l - 3 scrolls of noise {unknown}
 m - 3 scrolls of identify {unknown}
 s - 3 scrolls of immolation {unknown}
Potions
 a - 2 potions of heal wounds {unknown}
 d - a potion of magic
 n - a potion of might {unknown}
 o - a potion of haste {unknown}
 q - a potion of lignification {unknown}
 t - a potion of curing {unknown}
 u - a potion of mutation {unknown}
 v - a potion of brilliance {unknown}
 z - a potion of attraction {unknown}


   Skills:
 - Level 1.0 Fighting
 - Level 1.0 Armour
 + Level 4.0 Dodging
 - Level 4.0 Stealth
 * Level 7.4 Spellcasting
 + Level 3.4 Conjurations
 - Level 1.1 Summonings
 - Level 1.1 Translocations
 + Level 0.9 Evocations


You had 8 spell levels left.
You knew the following spells:

 Your Spells              Type           Power      Damage    Failure   Level
a - Magic Dart            Conj           88%        1d7       1%          1
b - Mephitic Cloud        Conj/Pois/Air  12%        N/A       16%         3
c - Call Imp              Summ           12%        N/A       9%          2
d - Blink                 Tloc           24%        N/A       9%          2
e - Conjure Flame         Conj/Fire      15%        6-21      12%         3

Your spell library contained the following spells:

 Spells                   Type           Power      Damage    Failure   Level
 Slow                     Hex            28%        N/A       9%          1
 Iskenderun's Battlesphe  Conj           22%        2d8       50%         5
 Iron Shot                Conj/Erth      7%         9d2       99%         6
 Spellforged Servitor     Conj/Summ      8%         N/A       100%        7


Dungeon Overview and Level Annotations

Branches:
Dungeon (5/15)             Temple (1/1) D:5

Altars:
Ashenzari
Dithmenos
Elyvilon
Fedhas
Gozag
Hepliaklqana
Kikubaaqudgha
Okawaru
Ru
Trog
Vehumet
Wu Jian
Xom
Yredelemnul
Zin

Shops:
D:4 *

Annotations:
D:5 Edmund


Message History

Edmund is lightly wounded.
Edmund is engulfed in blazing flames.
Edmund hits you with a +0 flail of protection.
Edmund is engulfed in blazing flames.
Edmund completely misses you.
Edmund hits himself with a +0 flail of protection.
You hit Edmund but do no damage.
Edmund is moderately wounded.
Edmund is engulfed in blazing flames.
Edmund barely misses you.
Unknown command.
You barely miss Edmund.
Edmund is moderately wounded.
Edmund is engulfed in blazing flames.
Edmund misses you.
Edmund hits himself but does no damage.
Unknown command.
You catch the helpless Edmund completely off-guard!
You hit Edmund but do no damage. You punch Edmund, but do no damage.
Edmund is heavily wounded.
Edmund closely misses you. Edmund barely misses you.
Edmund hits himself with a +0 flail of protection!
Casting: Mephitic Cloud (quite dangerous; 16% risk of failure)
Confirm with . or Enter, or press ? or * to list all spells.
The spell is quite dangerous to miscast (12% risk of failure)!
Continue anyway?
The fire begins to smoulder!
The fire ignites!
Edmund seems less confused.
You barely miss Edmund.
Edmund is severely wounded.
Edmund is engulfed in blazing flames.
Edmund barely misses you.
Edmund hits you with a +0 flail of protection!
You hit Edmund but do no damage.
Edmund is severely wounded.
Edmund is engulfed in blazing flames.
Edmund hits you with a +0 flail of protection!
Edmund is engulfed in blazing flames.
Edmund hits you with a +0 flail of protection.
* * * LOW HITPOINT WARNING * * *
You hit Edmund.
Edmund is almost dead.
Edmund hits you with a +0 flail of protection!
You die...

..............#
..............#
.>.......#+#..##
.........+_+...#
.######..#'#...# .#
#......#.##
########.....#..########
....................>..#
########.######.@###.###
... #.# ##@## .## #.#
#..# .# #.# ##.## ## #.#
#..# ..# ..# ##(# #.#
### .# # .# ..


You could see Edmund (berserk).

Vanquished Creatures
  Grinder (D:4)
  A phantom (D:5)
  A jelly (D:5)
  2 hounds (D:5)
  4 adders
  A shadow imp (D:5)
  A white imp (D:5)
  A worm (D:2)
  5 bats
  6 endoplasms
  2 giant cockroaches (D:3)
  9 goblins
  7 hobgoblins
  3 quokkas
  3 ball pythons
  A frilled lizard (D:1)
  6 kobolds
  6 rats
60 creatures vanquished.

Notes
Turn   | Place    | Note
-------+----------+-------------------------------------------
     0 | D:1      | pokeman the Deep Elf Hedge Wizard began the quest for the
                  | Orb.
     0 | D:1      | Reached XP level 1. HP: 10/10 MP: 7/7
   284 | D:1      | Reached XP level 2. HP: 16/16 MP: 4/9
   366 | D:1      | Found a faded altar of an unknown god.
   915 | D:2      | Reached skill level 5 in Spellcasting
  1098 | D:2      | Reached XP level 3. HP: 16/20 MP: 4/11
  1102 | D:2      | Learned a level 3 spell: Mephitic Cloud
  1105 | D:2      | Learned a level 2 spell: Call Imp
  1108 | D:2      | Learned a level 2 spell: Blink
  1112 | D:2      | Learned a level 3 spell: Conjure Flame
  1795 | D:2      | Reached skill level 1 in Fighting
  1795 | D:2      | Reached skill level 1 in Armour
  2481 | D:3      | Identified the +0 chain mail of Colypp {rPois}
  2725 | D:3      | Reached XP level 4. HP: 25/25 MP: 8/13
  2992 | D:4      | Noticed Grinder
  3000 | D:4      | Paralysed by Grinder for 5 turns
  3011 | D:4      | HP: 1/25 [Grinder/nerve-wracking pain (12)]
  3648 | D:4      | HP: 1/25 [Grinder (6)]
  3993 | D:4      | Found Feojub's Neck Hole.
  4317 | D:4      | Paralysed by Grinder for 5 turns
  4322 | D:4      | Killed Grinder
  4323 | D:4      | Reached skill level 6 in Spellcasting
  4323 | D:4      | Reached XP level 5. HP: 29/29 MP: 12/16
  4323 | D:4      | Reached XP level 6. HP: 34/34 MP: 12/17
  4666 | D:5      | Entered Level 5 of the Dungeon
  4746 | D:5      | Found a staircase to the Ecumenical Temple.
  4773 | Temple   | Entered the Ecumenical Temple
  4966 | Temple   | Became a worshipper of Vehumet
  5100 | D:5      | Reached skill level 7 in Spellcasting
  5280 | D:5      | Found a hazy altar of Hepliaklqana.
  5298 | D:5      | Noticed Edmund
  5320 | D:5      | Slain by Edmund

Illustrated notes

Levels and vault maps discovered:
D:1:      minmay_arrival_checkered_box, layout_basic,
          chequers_ecumenical_altar_simple
D:2:      layout_loops_ring
D:3:      layout_rooms
D:4:      layout_rooms, nicolae_zen_rock_garden, kennysheep_small_spiral,
          hangedman_decor_points, nicolae_shop_sticking_my_neck_out,
          uniq_grinder
D:5:      layout_basic, mainiacjoe_overflow_six_doors_small,
          kennysheep_mini_moat, mainiacjoe_overflow_catwalk_spiral,
          minmay_temple_entry_overgrown, uniq_edmund
Temple:   regret_index_temple_generic_petals

Skill      XL: |  1  2  3  4  5  6 |
---------------+-------------------+-----
Spellcasting   | 5 6 7 |  7.4
Fighting       | 1 |  1.0
Armour         | 1 |  1.0
Conjurations   | 2 3 |  3.4
Dodging        | 3 4 |  4.0
Stealth        | 3 4 |  4.0
Summonings     | |  1.1
Translocations | |  1.1
Evocations     | |  0.9

Action                   |  1- 3 |  4- 6 || total
-------------------------+-------+-------++-------
Melee: Dagger            |     1 |       ||     1
       Mace              |     5 |    26 ||    31
       Punch             |       |     1 ||     1
 Cast: Magic Dart        |   117 |    68 ||   185
       Mephitic Cloud    |     1 |     1 ||     2
       Call Imp          |       |     3 ||     3
       Conjure Flame     |       |     4 ||     4
       Blink             |       |     1 ||     1
Evoke: Wand              |       |     3 ||     3
 Stab: Sleeping          |     1 |       ||     1
       Confused          |     1 |     2 ||     3
Armor: Robe              |     4 |     2 ||     6
Dodge: Dodged            |    17 |    34 ||    51

Table legend: (Time is in decaauts)
 A = Elapsed time spent in this place.
 B = Non-inter-level travel time spent in this place.
 C = Inter-level travel time spent in this place.
 D = Time resting spent in this place.
 E = Time spent auto-exploring this place.
 F = Levels seen in this place.
 G = Mean time per level.
                   A        B        C        D        E       F      G
               +--------+--------+--------+--------+--------+-----+--------+
         Total |   5333 |   5163 |    170 |    827 |   3712 |   6 |  888.8 |
       Dungeon |   5118 |   4977 |    141 |    827 |   3536 |   5 | 1023.6 |
        Temple |    215 |    186 |     29 |      0 |    176 |   1 |  215.0 |
               +--------+--------+--------+--------+--------+-----+--------+

Top non-repeatable levels by time:
     D:3: 1628 daAuts
     D:2: 1219 daAuts
     D:4: 946 daAuts
     D:1: 877 daAuts
     D:5: 446 daAuts
  Temple: 215 daAuts
